 Dungeon Crawl Stone Soup version 0.20.0-15-g7f486f2 (webtiles) character file.

184 renl the Cudgeler (level 5, 0/44 HPs)
             Began as a Draconian Skald on June 22, 2017.
             Slain by Grinder (4 damage)
             ... while paralysed by Grinder
             ... on level 4 of the Dungeon.
             The game lasted 00:14:35 (2053 turns).

renl the Cudgeler (Draconian Skald)                 Turns: 2053, Time: 00:14:35

Health: 0/44       AC:  5    Str: 13    XL:     5   Next: 36%
Magic:  17/17      EV:  2    Int: 15    God:
Gold:   179        SH:  0    Dex: 10    Spells: 2/8 levels left

rFire    . . .     SeeInvis .   r - +0 quarterstaff
rCold    . . .     Gourm    .   (shield currently unavailable)
rNeg     . . .     Faith    .   (armour unavailable)
rPois    .         Spirit   .   (helmet restricted)
rElec    .         Reflect  .   (no cloak)
rCorr    .         Harm     .   (no gloves)
MR       .....                  (no boots)
Stlth    +.........             (no amulet)
Regen    0.2/turn               j - ring of magical power
MPRegen  0.2/turn               (no ring)

@: paralysed, infused (expiring)
A: unfitting armour, cold-blooded, AC +5
a: no special abilities


You were on level 4 of the Dungeon.
You were not hungry.

You visited 1 branch of the dungeon, and saw 4 of its levels.

You collected 179 gold pieces.

Inventory:

Hand Weapons
 a - a +0 mace
 r - a +0 quarterstaff (weapon)
 s - a +0 war axe
Jewellery
 j - a ring of magical power (left hand)
Scrolls
 d - 3 scrolls of magic mapping {unknown}
 g - 3 scrolls of teleportation {unknown}
 i - 2 scrolls of fog {unknown}
 m - 2 scrolls of identify {unknown}
 n - 3 scrolls of remove curse {unknown}
 o - a scroll of enchant armour {unknown}
Potions
 e - 7 potions of curing {unknown}
 f - a potion of cancellation {unknown}
 h - a potion of heal wounds {unknown}
 l - a potion of mutation {unknown}
 p - 3 potions of agility {unknown}
 t - a potion of ambrosia {unknown}
Books
 b - a book of Battle

   Spells                             Type                      Level
   a - Infusion                       Charms                       1
   b - Shroud of Golubria             Charms/Translocation         2
   c - Song of Slaying                Charms                       2
   d - Spectral Weapon                Hexes/Charms                 3
   e - Regeneration                   Charms/Necromancy            3
Comestibles
 c - 5 bread rations
 k - 2 royal jellies
 q - 3 chunks of flesh


   Skills:
 + Level 2.9 Fighting
 - Level 3.6(3.7) Maces & Flails
 * Level 1.3(2.6) Staves
 + Level 2.7 Dodging
 + Level 0.4 Stealth
 + Level 2.3 Spellcasting
 + Level 3.3 Charms
 + Level 0.4 Translocations


You had 2 spell levels left.
You knew the following spells:

 Your Spells              Type           Power        Failure   Level  Hunger
a - Infusion              Chrm           ##..         5%          1    #......
b - Shroud of Golubria    Chrm/Tloc      #.........   16%         2    ###....
c - Regeneration          Chrm/Necr      #.........   32%         3    ###....


Dungeon Overview and Level Annotations

Branches:
Dungeon (4/15)
 Temple: D:4-7

Altars:
Gozag
Ru
Trog
Zin

Annotations:
D:3 jtron's ghost, amateur DsWn
D:4 Grinder


Innate Abilities, Weirdness & Mutations

Your plain brown scales are hard. (AC +5)
You cannot fit into any form of body armour.
You are cold-blooded and may be slowed by cold attacks.


Message History

Grinder hits you.
You writhe in agony.
Grinder hits you.
You writhe in agony.
* * * LOW HITPOINT WARNING * * *
Grinder gestures at you.
You shrug off the repeated paralysis!
Your shroud unravels.
Grinder hits you but does no damage.
Grinder says, "What is the universe for?"
Grinder hits you!
* * * LOW HITPOINT WARNING * * *
You can move again.
Grinder gestures at you.
You barely resist.
Your magical infusion is running out.
Grinder gestures at you.
You suddenly lose the ability to move!
Grinder hits you.
* * * LOW HITPOINT WARNING * * *
You writhe in agony.
You die...

#.........####.#..# ..
#....................
#.........####.#..#.
#.....>.## .... ##.....##
#..# . ########...## #..#
... .....<....## #..##...#
#.......### #######........
#.......######..@5....####..
#..............########
#......>######## #.......#
#.......# #########


You could see Grinder.

Vanquished Creatures
  10 adders
  An ooze (D:3)
  2 worms
  2 dart slugs (D:2)
  4 leopard geckos
  4 orcs (D:3)
  2 ball pythons (D:2)
  11 bats
  3 giant cockroaches
  8 goblins
  9 hobgoblins
  9 kobolds
  2 quokkas
  4 frilled lizards
  6 rats
77 creatures vanquished.

Notes
Turn   | Place    | Note
-------+----------+-------------------------------------------
     0 | D:1      | renl the Draconian Skald began the quest for the Orb.
     0 | D:1      | Reached XP level 1. HP: 17/17 MP: 3/3
   112 | D:1      | Reached XP level 2. HP: 9/24 MP: 3/5
   119 | D:1      | Learned a level 2 spell: Shroud of Golubria
   581 | D:2      | Found a sacrificial altar of Ru.
   582 | D:2      | Reached XP level 3. HP: 26/30 MP: 1/6
   742 | D:2      | Learned a level 3 spell: Regeneration
   781 | D:2      | Found a glowing silver altar of Zin.
   781 | D:2      | Found an opulent altar of Gozag.
  1013 | D:2      | Reached XP level 4. HP: 12/37 MP: 7/7
  1507 | D:3      | Noticed jtron's ghost (amateur DsWn)
  1580 | D:3      | Reached XP level 5. HP: 35/44 MP: 8/8
  1780 | D:3      | Found a bloodstained altar of Trog.
  1815 | D:3      | Reached skill level 1 in Staves
  2030 | D:4      | Noticed Grinder
  2041 | D:4      | Paralysed by Grinder for 6 turns
  2050 | D:4      | Paralysed by Grinder for 7 turns
  2053 | D:4      | Slain by Grinder

Skill      XL: |  1  2  3  4  5 |
---------------+----------------+-----
Charms         | 3 |  3.3
Maces & Flails | 3 |  3.6
Staves         | 1 |  1.3
Fighting       | |  2.9
Dodging        | |  2.7
Stealth        | |  0.4
Spellcasting   | |  2.3
Translocations | |  0.4

Action                   |  1- 3 |  4- 6 || total
-------------------------+-------+-------++-------
Melee: Mace              |   134 |    55 ||   189
       Tailslap          |    14 |    12 ||    26
       Quarterstaff      |       |    69 ||    69
 Cast: Infusion          |    13 |     8 ||    21
       Shroud of Golubri |     2 |    11 ||    13
  Eat: Chunk             |     1 |     5 ||     6
Armor: Skin              |    54 |    70 ||   124
Dodge: Dodged            |    86 |   109 ||   195
